 Dungeon Crawl Stone Soup version 0.23.2-40-g277498a001 (webtiles) character file.

Game seed: 12938878569734495081

1281 MalarOregon the Poker (level 8, 0/60 HPs)
             Began as a Merfolk Ice Elementalist on Aug 22, 2019.
             Was an Initiate of Gozag.
             Slain by an orc warrior
             ... wielding a +0 dire flail
              (20 damage)
             ... on level 7 of the Dungeon.
             The game lasted 00:20:03 (8596 turns).

MalarOregon the Poker (Merfolk Ice Elementalist)    Turns: 8596, Time: 00:20:03

Health: 0/60       AC:  3    Str:  9    XL:     8   Next: 54%
Magic:  11/14      EV: 14    Int: 16    God:    Gozag
Gold:   254        SH:  0    Dex: 14    Spells: 5/15 levels left

rFire    + . .     SeeInvis .   n - +0 spear
rCold    . . .     Gourm    .   (no shield)
rNeg     . . .     Faith    .   a - +0 robe
rPois    .         Spirit   .   (no helmet)
rElec    .         Reflect  .   (no cloak)
rCorr    .         Harm     .   (no gloves)
MR       .....                  g - +0 pair of boots
Stlth    +++.......             (no amulet)
HPRegen  0.20/turn              i - ring of protection from fire
MPRegen  0.14/turn              (no ring)

@: gold aura
A: change form in water, swift swim, stealthy swim
a: Potion Petition, Call Merchant, Bribe Branch, Renounce Religion


You were on level 7 of the Dungeon.
You worshipped Gozag.
Gozag was aware of your devotion.
You were not hungry.

You visited 2 branches of the dungeon, and saw 8 of its levels.

You collected 435 gold pieces.
You spent 84 gold pieces at shops.
You paid 97 gold pieces to Gozag.

Inventory:

Hand Weapons
 b - a +1 whip of holy wrath
   (You found it on level 3 of the Dungeon)
 n - a +0 spear (weapon)
   (You found it on level 2 of the Dungeon)
Armour
 a - a +0 robe (worn)
 g - a +0 pair of boots (worn)
   (You found it on level 1 of the Dungeon)
Jewellery
 i - a ring of protection from fire (left hand)
   (You found it on level 1 of the Dungeon)
Wands
 d - a wand of iceblast (10)
   (You found it on level 6 of the Dungeon)
 x - a wand of acid (9)
   (You found it on level 5 of the Dungeon)
Scrolls
 c - a scroll of remove curse {@r2}
 f - 2 scrolls of identify {@r1}
Potions
 h - a potion of brilliance
 k - 3 potions of curing {@q1}
 l - 2 potions of lignification {!q}
 m - a potion of agility
 o - a potion of haste {@q3}
 p - a potion of might
Comestibles
 e - 7 rations {!d}


   Skills:
 - Level 4.0 Fighting
 + Level 6.5 Polearms
 - Level 4.0 Dodging
 - Level 4.0 Stealth
 - Level 4.0 Spellcasting
 - Level 3.0 Conjurations
 - Level 2.1 Charms
 + Level 5.2 Ice Magic


You had 5 spell levels left.
You knew the following spells:

 Your Spells              Type           Power        Failure   Level  Hunger
a - Freeze                Ice            ###.         1%          1    None
b - Ozocubu's Armour      Chrm/Ice       ###.....     11%         3    ###....
c - Throw Icicle          Conj/Ice       ###.....     30%         4    ####...
x - Throw Frost           Conj/Ice       ###...       4%          2    ##.....

Your spell library contained the following spells:

 Spells                   Type           Power        Failure   Level  Hunger
 Animate Skeleton         Necr           N/A          17%         1    None
 Apportation              Tloc           #.....       17%         1    None
 Confusing Touch          Hex            #.....       17%         1    None
 Summon Small Mammal      Summ           #...         17%         1    None
 Summon Ice Beast         Ice/Summ       ##......     50%         4    ####...


Dungeon Overview and Level Annotations

Branches:
Dungeon (7/15)             Temple (1/1) D:6

Altars:
Ashenzari
Cheibriados
Dithmenos
Elyvilon
Fedhas
Gozag
Hepliaklqana
Kikubaaqudgha
Makhleb
Nemelex Xobeh
Okawaru
Qazlal
Ru
Sif Muna
Trog
Uskayaw
Vehumet
Wu Jian
Xom
Yredelemnul
Zin
The Shining One

Shops:
D:4 !

Annotations:
D:2 Sigmund
D:6 exclusion: zombie


Message History

There is a shattered altar of Ashenzari here.
You feel less invigorated.
You feel less confused.
The orc warrior is no longer unusually resistant.
A magic dart appears from out of thin air!
The magic dart hits you.
The orc priest becomes distracted by the nearby gold, dreaming of imaginary riches.
The orc priest is no longer distracted by gold.
You see here 4 gold pieces.
Something hits you but does no damage.
You see here a glowing sapphire potion.
Unknown command.
The orc warrior drinks a potion.
The orc warrior suddenly seems more resistant.
You hear some strange, mumbled words.
A puff of flame appears from out of thin air!
The puff of flame hits you. You resist.
A puff of frost appears from out of thin air!
The puff of frost hits you!
* * * LOW HITPOINT WARNING * * *
You hear some strange, mumbled words.
A puff of flame appears from out of thin air!
The puff of flame hits you. You resist.
* * * LOW HITPOINT WARNING * * *
You see here a stone.
Items here: ( )))) [[[
There is a stone staircase leading up here.
You start resting.
There is a strange disturbance nearby!
You freeze something. Something hits you.
* * * LOW HITPOINT WARNING * * *
Something hits you but does no damage.
You freeze something. Something hits you.
* * * LOW HITPOINT WARNING * * *
You freeze something!
Reactivating autopickup.
You feel a bit more experienced.
Unknown command.
You start resting.
The orc warrior is too close now for your liking.
Aim: an orc warrior, wielding a +0 dire flail and wearing a +0 chain mail (lightly wounded, unusually resistant)
Okay, then.
Unknown command.
Aim: an orc warrior, wielding a +0 dire flail and wearing a +0 chain mail (lightly wounded, unusually resistant)
The orc warrior resists.
You freeze the orc warrior.
The orc warrior hits you with a +0 dire flail!!
You die...
Your body crumbles into a pile of gold.

#########
#.......####
#.##.......#
#.#......#.###
#@#....#...... .
#o#......#.### #
#)o.(......##### #
####.###o......# #
#.# #.....(.###
######^###....!$....
#.............o..?..
#.#.##.##...........
#. #.##...)...o...


You could see an orc warrior and an orc priest.

Vanquished Creatures
  2 orc warriors
  2 sky beasts (D:5)
  A centaur (D:6)
  A big kobold (D:7)
  A scorpion (D:4)
  A howler monkey (D:5)
  A crimson imp (D:5)
  A hound (D:6)
  3 orc priests
  2 iguanas (D:5)
  8 orc wizards
  A worker ant (D:5)
  A hound zombie (D:5)
  2 hound skeletons (D:7)
  A howler monkey skeleton (D:5)
  5 adders
  2 shadow imps
  An ooze (D:2)
  An adder skeleton (D:4)
  2 dart slugs
  3 worms
  2 leopard geckos
  16 orcs
  5 giant cockroaches
  3 goblins
  4 hobgoblins
  3 jackals (D:5)
  4 quokkas
  A ball python (D:2)
  6 bats
  5 frilled lizards
  7 kobolds
  2 leopard gecko skeletons
  3 rats
103 creatures vanquished.

Vanquished Creatures (others)
  5 toadstools (D:1)
5 creatures vanquished.

Grand Total: 108 creatures vanquished

Notes
Turn   | Place    | Note
-------+----------+-------------------------------------------
     0 | D:1      | MalarOregon the Merfolk Ice Elementalist began the quest
                  | for the Orb.
     0 | D:1      | Reached XP level 1. HP: 13/13 MP: 3/3
   420 | D:1      | Reached XP level 2. HP: 20/20 MP: 5/5
   496 | D:1      | Learned a level 2 spell: Throw Frost
   746 | D:2      | Reached skill level 1 in Fighting
   746 | D:2      | Reached XP level 3. HP: 22/26 MP: 0/6
   755 | D:2      | Learned a level 3 spell: Ozocubu's Armour
   854 | D:2      | Noticed Sigmund
  1026 | D:2      | Reached skill level 1 in Conjurations
  2605 | D:3      | Reached XP level 4. HP: 13/32 MP: 3/7
  2869 | D:3      | Reached skill level 1 in Charms
  3065 | D:3      | Reached skill level 1 in Polearms
  3433 | D:4      | Found Kaigamamp's Distillery.
  3445 | D:4      | Bought a potion of curing for 36 gold pieces
  3445 | D:4      | Bought a potion of might for 48 gold pieces
  3481 | D:4      | Reached XP level 5. HP: 15/38 MP: 1/8
  4705 | D:5      | Entered Level 5 of the Dungeon
  4930 | D:5      | Reached skill level 2 in Polearms
  5127 | D:5      | Reached XP level 6. HP: 44/44 MP: 4/10
  5376 | D:5      | Learned a level 4 spell: Throw Icicle
  5391 | D:5      | Noticed a sky beast
  5399 | D:5      | Killed a sky beast
  5399 | D:5      | Reached skill level 3 in Polearms
  5575 | D:5      | Noticed a sky beast
  5594 | D:5      | Killed a sky beast
  5594 | D:5      | Reached XP level 7. HP: 27/52 MP: 0/11
  5755 | D:5      | Reached skill level 4 in Polearms
  7242 | D:6      | Found a staircase to the Ecumenical Temple.
  7249 | D:6      | Reached skill level 5 in Polearms
  7340 | Temple   | Entered the Ecumenical Temple
  7388 | Temple   | Became a worshipper of Gozag Ym Sagoz the Greedy
  7730 | D:6      | Reached XP level 8. HP: 37/60 MP: 0/13
  8445 | D:7      | Reached skill level 6 in Polearms
  8445 | D:7      | Reached skill level 5 in Ice Magic
  8541 | D:7      | Found a shattered altar of Ashenzari.
  8596 | D:7      | Slain by an orc warrior

Skill      XL: |  1  2  3  4  5  6  7  8 |
---------------+-------------------------+-----
Dodging        | 3 4 |  4.0
Fighting       | 1 2 3 4 |  4.0
Conjurations   | 1 2 3 |  3.0
Charms         | 1 2 |  2.1
Polearms       | 1 2 3 5 6 |  6.5
Stealth        | 3 4 |  4.0
Ice Magic      | 4 5 |  5.2
Spellcasting   | 3 4 |  4.0

Action                   |  1- 3 |  4- 6 |  7- 9 || total
-------------------------+-------+-------+-------++-------
Melee: Short sword       |    27 |       |       ||    27
       Unarmed           |     1 |       |       ||     1
       Spear             |    75 |   105 |   142 ||   322
 Cast: Freeze            |    44 |    37 |    70 ||   151
       Throw Frost       |    15 |     7 |    22 ||    44
       Ozocubu's Armour  |       |       |     1 ||     1
  Use: Scroll            |       |     8 |     2 ||    10
       Potion            |       |       |     1 ||     1
 Stab: Sleeping          |     5 |     9 |     3 ||    17
  Eat: Chunk             |     2 |     5 |     8 ||    15
       Ration            |     2 |     1 |     1 ||     4
Armor: Robe              |    21 |    10 |    20 ||    51
Dodge: Dodged            |    75 |    63 |    92 ||   230
